 Dungeon Crawl Stone Soup version 0.21.1-1-g345015f (webtiles) character file.

32 Falco the Magician (level 3, -7/19 HPs)
             Began as a Tengu Wizard on May 2, 2018.
             Mangled by Sigmund
             ... wielding a +0 scythe
              (11 damage)
             ... on level 2 of the Dungeon.
             The game lasted 00:11:01 (1775 turns).

Falco the Magician (Tengu Wizard)                   Turns: 1775, Time: 00:11:01

Health: -7/19      AC:  2    Str:  7    XL:     3   Next: 27%
Magic:  2/9        EV: 12    Int: 19    God:
Gold:   53         SH:  0    Dex: 12    Spells: 2/9 levels left

rFire    . . .     SeeInvis .   e - +0 dagger
rCold    . . .     Gourm    .   (no shield)
rNeg     + . .     Faith    .   a - +0 robe
rPois    .         Spirit   .   b - +0 hat
rElec    .         Reflect  .   (no cloak)
rCorr    .         Harm     .   (no gloves)
MR       .....                  (boots unavailable)
Stlth    +.........             (no amulet)
HPRegen  0.06/turn              g - ring of positive energy
MPRegen  0.11/turn              (no ring)

@: confused
A: beak, talons 3
a: no special abilities


You were on level 2 of the Dungeon.
You were not hungry.

You visited 1 branch of the dungeon, and saw 2 of its levels.

You collected 53 gold pieces.

Inventory:

Hand Weapons
 e - a +0 dagger (weapon)
Armour
 a - a +0 robe (worn)
 b - a +0 hat (worn)
Jewellery
 g - a ring of positive energy (left hand)
Potions
 d - a potion of flight {unknown}
 f - a potion of degeneration {unknown}
 i - a potion of agility {unknown}
 j - a potion of magic {unknown}
Books
 c - a book of Minor Magic

   Spells                             Type                      Level
   a - Magic Dart                     Conjuration                  1
   b - Blink                          Translocation                2
   c - Call Imp                       Summoning                    2
   d - Slow                           Hexes                        2
   e - Conjure Flame                  Conjuration/Fire             3
   f - Mephitic Cloud                 Conjuration/Poison/Air       3


   Skills:
 + Level 2.4 Dodging
 + Level 2.2 Stealth
 + Level 3.7 Spellcasting
 + Level 1.8 Conjurations
 + Level 1.3 Summonings
 + Level 0.7 Translocations


You had 2 spell levels left.
You knew the following spells:

 Your Spells              Type           Power        Failure   Level  Hunger
a - Magic Dart            Conj           ##..         7%          1    None
b - Call Imp              Summ           #.......     12%         2    ##.....
c - Blink                 Tloc           N/A          16%         2    ##.....
d - Slow                  Hex            #.......     22%         2    ##.....


Dungeon Overview and Level Annotations

Branches:
Dungeon (2/15)

Altars:

Annotations:
D:2 Sigmund


Innate Abilities, Weirdness & Mutations

You have a beak for a mouth.
You have claws for feet.


Message History

Sigmund completely misses you.
Your crimson imp disappears in a puff of smoke!
Your crimson imp hits Sigmund.
Sigmund hits your crimson imp with a scythe.
Your crimson imp blinks!
Sigmund gestures wildly while chanting.
Sigmund flickers and vanishes!
Your crimson imp disappears in a puff of smoke!
You hear some strange, mumbled words.
You are confused.
You hear some strange, mumbled words.
You are more confused.
Something hits you. Something hits you.
Your magical contamination has completely faded away.
Something hits you!
* * * LOW HITPOINT WARNING * * *
Something hits you!
Ouch! That really hurt!
You die...

...####......#
......#......##
#............##
#..### ...##
##)..# #..#
#..#.#### #.#
#.##....###<######
#.
####..........##
#.
##....@.......##
#.
#..............#
#.
#..<...........#
#.
#.....).....[<.#
#.
#..............#
#..............#
##............##
##..........##
############


There were no monsters in sight!

Vanquished Creatures
  An ooze (D:1)
  A giant cockroach (D:1)
  2 hobgoblins (D:1)
  A kobold (D:1)
  7 bats (D:1)
  2 goblins
  4 rats (D:1)
18 creatures vanquished.

Vanquished Creatures (collateral kills)
  An ooze (D:1)
  A leopard gecko (D:1)
  A goblin (D:2)
  2 hobgoblins (D:1)
  A bat (D:2)
  2 kobolds (D:1)
8 creatures vanquished.

Grand Total: 26 creatures vanquished

Notes
Turn   | Place    | Note
-------+----------+-------------------------------------------
     0 | D:1      | Falco the Tengu Wizard began the quest for the Orb.
     0 | D:1      | Reached XP level 1. HP: 10/10 MP: 5/5
   286 | D:1      | Reached XP level 2. HP: 15/15 MP: 2/7
   290 | D:1      | Learned a level 2 spell: Call Imp
   293 | D:1      | Learned a level 2 spell: Blink
   296 | D:1      | Learned a level 2 spell: Slow
   847 | D:1      | Reached XP level 3. HP: 19/19 MP: 3/9
  1374 | D:2      | Noticed Sigmund
  1775 | D:2      | Mangled by Sigmund

Action                   || total
-------------------------++-------
Melee: Dagger            ||    12
       Unarmed           ||     5
 Cast: Magic Dart        ||    40
       Call Imp          ||    11
       Blink             ||     2
       Slow              ||     1
  Use: Scroll            ||     1
  Eat: Ration            ||     1
Armor: Robe              ||    20
Dodge: Dodged            ||    40
